 Dungeon Crawl Stone Soup version 0.19-a0-1712-gff403d4 (webtiles) character file.

66 Grim the Grave Robber (level 3, -2/24 HPs)
             Began as a Mummy Necromancer on Sept 27, 2016.
             Slain by a worm (9 damage)
             ... on level 3 of the Dungeon on Sept 28, 2016.
             The game lasted 00:08:11 (4361 turns).

Grim the Grave Robber (Mummy Necromancer)           Turns: 4361, Time: 00:08:11

Health: -2/24      AC:  4    Str: 11    XL:     3   Next: 96%
Magic:  0/6        EV: 12    Int: 15    God:
Gold:   50         SH:  0    Dex: 12    Spells: 2 memorised, 4 levels left

rFire  x . .     SeeInvis .     k - +0 short sword
rCold  + . .     Gourm    .     a - +0 robe
rNeg   + + +     Faith    .     (no shield)
rPois  ∞         Spirit   .     h - +0 helmet
rElec  .         Dismiss  .     (no cloak)
rCorr  .         Reflect  .     (no gloves)
MR     .....     Harm     .     (no boots)
Stlth  ++........               (no amulet)
                                (no ring)
                                (no ring)

@: no status effects
A: no food or potions, fire vulnerability, cold resistance 1, negative energy
resistance 3, torment resistance, unbreathing
a: no special abilities


You were on level 3 of the Dungeon.
You were not hungry.

You visited 1 branch of the dungeon, and saw 3 of its levels.

You collected 50 gold pieces.

Inventory:

Hand Weapons
 k - a +0 short sword (weapon)
Armour
 a - a +0 robe (worn)
 h - a +0 helmet (worn)
Scrolls
 c - 2 scrolls of teleportation {unknown}
 d - 3 scrolls of recharging {unknown}
 e - a scroll of magic mapping {unknown}
 f - a scroll of fog {unknown}
 g - a scroll of fear {unknown}
 i - a scroll of identify {unknown}
Books
 b - a book of Necromancy

   Spells                             Type                      Level
   a - Pain                           Necromancy                   1
   b - Animate Skeleton               Necromancy                   1
   c - Vampiric Draining              Necromancy                   3
   d - Regeneration                   Charms/Necromancy            3
   e - Animate Dead                   Necromancy                   4
   f - Control Undead                 Necromancy                   4
 j - a book of Dreams

   Spells                             Type                      Level
   a - Ensorcelled Hibernation        Hexes/Ice                    2
   b - Silence                        Hexes/Air                    5
   c - Darkness                       Hexes                        6
   d - Shadow Creatures               Summoning                    6


   Skills:
 - Level 1.5 Dodging
 - Level 1.5 Stealth
 - Level 2.0 Spellcasting
 + Level 5.6 Necromancy


You had 4 spell levels left.
You knew the following spells:

 Your Spells              Type           Power        Failure   Level  Hunger
a - Pain                  Necr           ###.         1%          1    N/A
b - Animate Skeleton      Necr           N/A          1%          1    N/A

Dungeon Overview and Level Annotations

Branches:
Dungeon (3/15)

Altars:


Innate Abilities, Weirdness & Mutations

You do not eat or drink.
Your flesh is vulnerable to fire.
You are immune to poison.
Your flesh is cold resistant. (rC+)
You are immune to negative energy. (rN+++)
You are immune to unholy pain and torment.
You can survive without breathing.


Message History

You hit the worm.
The worm is heavily wounded.
The worm barely misses you.
You barely miss the worm.
The worm is heavily wounded.
The worm bites you but does no damage.
You hit the worm.
The worm is heavily wounded.
You hit the worm but do no damage.
The worm is heavily wounded.
The worm bites you!
* * * LOW HITPOINT WARNING * * *
You are too injured to fight recklessly!
Casting: Pain
Confirm with . or Enter, or press ? or * to list all spells.
Aiming: Pain
Press: ? - help, Shift-Dir - straight line, f/p - worm
Aim: a worm (heavily wounded, chance to defeat MR: 84%)
The worm writhes in agony!
The worm bites you!
You die...

##########################
...........%.............#
.......#################.#
.......############### #.#
...............w@†...# #.#
.......#################<#
........$...... .........#
........####### ##########
####w##(## #<((.†#
.......#†# .#######..#
....


You could see a worm.

Vanquished Creatures
  An adder (D:2)
  2 dart slugs
  A leopard gecko (D:3)
  A ball python (D:2)
  A giant cockroach (D:2)
  6 goblins
  7 hobgoblins
  6 jackals
  6 kobolds
  2 quokkas (D:2)
  5 bats
  5 frilled lizards (D:2)
  A rat (D:1)
44 creatures vanquished.

Notes
Turn   | Place    | Note
-------+----------+-------------------------------------------
     0 | D:1      | Grim the Mummy Necromancer began the quest for the Orb.
     0 | D:1      | Reached XP level 1. HP: 13/13 MP: 3/3
     0 | D:1      | Upgraded the game from 0.19-a0-1697-g0595f0e to 0.19-a0-1712-gff403d4
   432 | D:1      | Reached XP level 2. HP: 17/19 MP: 0/5
   975 | D:2      | Reached skill level 5 in Necromancy
   998 | D:2      | Learned a level 1 spell: Animate Skeleton
  1011 | D:2      | Reached XP level 3. HP: 24/24 MP: 3/6
  4361 | D:3      | Slain by a worm

Vault maps used:
D:1:      shiori_shiawase, serial_forest, infiniplex_forest_straight_4,
          infiniplex_forest_clump_curved, infiniplex_forest_clump_medium,
          infiniplex_forest_clump_tiny, infiniplex_forest_straight_3,
          infiniplex_forest_clump_long, infiniplex_forest_zigzag_1,
          infiniplex_forest_lined_corner
D:2:      first_bread
D:3:      lemuel_castle_with_subvaults, minmay_misc_feat_diagonals,
          minmay_unequal

Skill      XL: |  1  2 |
---------------+-------+-----
Necromancy     | 5 |  5.6
Dodging        | |  1.5
Stealth        | |  1.5
Spellcasting   | |  2.0

Action                   || total
-------------------------++-------
Melee: Unarmed           ||    30
       Short sword       ||    13
 Cast: Pain              ||    81
       Animate Skeleton  ||    11
Armor: Robe              ||    23
Dodge: Dodged            ||    66
